 Dungeon Crawl Stone Soup version 0.30-a0-879-ga8ba668304 (webtiles) character file.

Game seed: 18264341525482024640

6489 cforsyth the Protected (level 11, -10/95 HPs)
             Began as a Barachi Fighter on Mar 13, 2023.
             Was a Believer of Cheibriados.
             Mangled by a centaur
             ... wielding the +8 halberd "Xoussum" {heavy, rC+ Will- rCorr}
              (18 damage)
             ... on level 7 of the Dungeon.
             The game lasted 00:13:00 (11415 turns).

cforsyth the Protected (Barachi Fighter)           Turns: 11415, Time: 00:13:00

Health: -10/95     AC: 18    Str: 25    XL:     11   Next: 0%
Magic:  11/11      EV:  8    Int: 15    God:    Cheibriados [**....]
Gold:   420        SH:  5    Dex: 17    Spells: 10/10 levels left

rFire   . . .      SeeInvis .    a - +0 war axe
rCold   . . .      Faith    .    c - +0 buckler
rNeg    . . .      Spirit   .    d - +1 chain mail {rPois}
rPois   +          Reflect  .    (no helmet)
rElec   .          Rampage  .    k - +2 cloak
rCorr   .                        h - +0 pair of gloves
Will    .....                    (no boots) Stlth
                                 (no amulet)
HPRegen 0.35/turn                (no ring)
MPRegen 0.12/turn                (no ring)

@: very slow
A: amphibious, slowness 1, strong legs 1, +LOS
a: Hop, Renounce Religion, Bend Time


You were on level 7 of the Dungeon.
You worshipped Cheibriados.
Cheibriados was pleased with you.
You visited 2 branches of the dungeon, and saw 11 of its levels.

You collected 420 gold pieces.

Inventory:

Hand Weapons
 a - a +0 war axe (weapon)
 f - a +0 hand axe of electrocution
Armour
 c - a +0 buckler (worn)
 d - a +1 chain mail of poison resistance (worn)
 h - a +0 pair of gloves (worn)
 k - a +2 cloak (worn)
Jewellery
 y - a ring of protection from cold
Wands
 x - a wand of acid (16)
 F - a wand of digging (6)
Scrolls
 e - 4 scrolls of fear {unknown}
 g - 2 scrolls of butterflies {unknown}
 p - 3 scrolls of teleportation
 q - 6 scrolls of identify {unknown}
 r - 3 scrolls of enchant weapon {unknown}
 t - a scroll of magic mapping {unknown}
 w - a scroll of immolation {unknown}
 z - 2 scrolls of poison {unknown}
 A - a scroll of fog {unknown}
 B - a scroll of noise {unknown}
 D - a scroll of enchant armour {unknown}
 G - a scroll of silence {unknown}
Potions
 j - a potion of resistance {unknown}
 l - a potion of attraction {unknown}
 m - 2 potions of heal wounds
 n - 3 potions of ambrosia
 o - a potion of mutation {unknown}
 u - a potion of brilliance {unknown}
 v - a potion of berserk rage {unknown}
 E - a potion of cancellation {unknown}


   Skills:
 + Level 11.7 Fighting
 + Level 10.5 Axes
 + Level 11.7 Armour
 - Level 4.1 Shields


You had 10 spell levels left.
You didn't know any spells.
Your spell library contained the following spells:

 Spells                   Type           Power      Damage    Failure   Level
 Beastly Appendage        Tmut           0%         N/A       86%         1
 Cigotuvi's Dreadful Rot  Necr/Pois/Air  0%         N/A       94%         2
 Ensorcelled Hibernation  Hex/Ice        0%         N/A       94%         2
 Lesser Beckoning         Tloc           0%         N/A       94%         2
 Passwall                 Tmut/Erth      0%         N/A       94%         2
 Poisonous Vapours        Pois/Air       0%         N/A       94%         2
 Wereblood                Tmut           0%         N/A       94%         2
 Call Canine Familiar     Summ           0%         N/A       99%         3
 Gell's Gravitas          Tloc           0%         N/A       99%         3
 Mephitic Cloud           Conj/Pois/Air  0%         N/A       99%         3
 Portal Projectile        Hex/Tloc       0%         N/A       99%         3
 Spider Form              Tmut/Pois      0%         N/A       99%         3
 Swiftness                Air            0%         N/A       99%         3
 Teleport Other           Tloc           0%         N/A       99%         3
 Leda's Liquefaction      Hex/Erth       0%         N/A       100%        4


Dungeon Overview and Level Annotations

Branches:
Dungeon (10/15)            Temple (1/1) D:7            Lair (0/5) D:8
    Orc: D:9-12

Altars:
Ashenzari
Cheibriados
Dithmenos
Elyvilon
Hepliaklqana
Makhleb
Nemelex Xobeh
Okawaru
Qazlal
Ru
Sif Muna
Trog
Uskayaw
Vehumet
Wu Jian
Xom
Yredelemnul
Zin
The Shining One


Innate Abilities, Weirdness & Mutations

You are amphibious.
You cover ground slowly.
You can hop short distances.
You have an extended range of vision and can be seen from far away.


Message History

You hit the bullfrog.
The bullfrog is severely wounded.
The bullfrog hits you.
* * * LOW HITPOINT WARNING * * *
You feel better. You block the bullfrog's attack.
The bullfrog hits you but does no damage.
The shadow imp shouts, "Slither home, thou foppish toad-spotted crab-lanthorn!"
The shadow imp gestures at you. Pain shoots through your body!
* * * LOW HITPOINT WARNING * * *
You feel better.
The bullfrog hits you but does no damage.
It was a potion of heal wounds.
You feel much better. The bullfrog barely misses you.
The bullfrog hits you but does no damage.
You slash the bullfrog!
You kill the bullfrog!
Cheibriados thoroughly appreciates the change of pace.
Cheibriados raises the support of your attributes as your movement slows.
The centaur unwields a +0 shortbow.
The centaur wields the +8 halberd "Xoussum" {heavy, rC+ Will- rCorr}.
The centaur hits you with the +8 halberd "Xoussum" {heavy, rC+ Will- rCorr}!
The centaur kicks you but does no damage.
You have reached level 11!
You barely miss the centaur. You closely miss the shadow imp.
The shadow imp hits you but does no damage.
The centaur barely misses you. The centaur kicks you.
The killer bee buzzes angrily.
You hit the centaur but do no damage. You slash the shadow imp!
The shadow imp hits you but does no damage.
The centaur hits you with the +8 halberd "Xoussum" {heavy, rC+ Will- rCorr}!!
* * * LOW HITPOINT WARNING * * *
The centaur kicks you but does no damage.
You hit the centaur.
The centaur is moderately wounded.
You hit the shadow imp.
You kill the shadow imp!
Cheibriados thoroughly appreciates the change of pace.
The centaur hits you with the +8 halberd "Xoussum" {heavy, rC+ Will- rCorr}!!
You die...

♣.♣♣♣♣♣♣♣ #.###......# #.
#######.##...#..## ♣
#....##......#..#
#..............##
#.......PP~~P..#
#...##.PP~~P.~##
#...##.~~~~~~.# ##
.########..y..~~~~♣≈~~# .
...........@##..~~♣♣♣≈~.~#
#..##..###.##..c###.~~~≈≈♣~~~.#
.. ....###......)...P~♣≈♣~♣♣~~.
##..................~~~~P ~.
#.................S~≈♣~~~~
#..y..............P~♣~~P~
##.............[....~≈~~...
.....# ............~P~.....
.....#........#####~♣~~#


You could see a centaur and a killer bee.

Vanquished Creatures
  Erica (D:10)
  A two-headed ogre (D:9)
  A kobold demonologist (D:9)
  3 hornets
  6 yaks (D:9)
  A steam dragon (D:6)
  3 wargs (D:8)
  A water moccasin (D:8)
  2 ice beasts
  3 orc warriors
  2 kobold brigands (D:9)
  8 bullfrogs
  A gnoll sergeant (D:10)
  4 scorpions
  10 killer bees
  2 howler monkeys (D:6)
  4 hounds
  A jelly (D:5)
  A gnoll bouda (D:4)
  9 orc priests
  Jessica (D:2)
  6 iguanas
  8 orc wizards
  10 gnolls
  4 adders
  2 shadow imps
  A white imp (D:7)
  An ufetubus (D:6)
  A worm (D:3)
  2 dart slugs
  29 orcs
  4 ball pythons
  4 endoplasms
  2 giant cockroaches
  7 goblins
  5 hobgoblins
  3 jackals (D:4)
  14 kobolds
  3 quokkas
  5 bats
  3 frilled lizards
  6 rats
185 creatures vanquished.

Vanquished Creatures (others)
  71 plants (D:7)
71 creatures vanquished.

Grand Total: 256 creatures vanquished

Notes
Turn   | Place    | Note
-------+----------+-------------------------------------------
     0 | D:1      | cforsyth the Barachi Fighter began the quest for the Orb.
     0 | D:1      | Reached XP level 1. HP: 18/18 MP: 1/1
   396 | D:1      | Reached XP level 2. HP: 25/25 MP: 2/2
  1181 | D:2      | Reached XP level 3. HP: 30/30 MP: 3/3
  1250 | D:2      | Noticed Jessica
  1258 | D:2      | Killed Jessica
  1356 | D:2      | Reached XP level 4. HP: 26/38 MP: 4/4
  1499 | D:2      | Reached XP level 5. HP: 32/43 MP: 5/5
  2773 | D:4      | Reached skill level 5 in Armour
  2812 | D:4      | Reached skill level 5 in Fighting
  2942 | D:4      | Reached XP level 6. HP: 36/51 MP: 6/6
  3338 | D:4      | Found a basalt altar of Yredelemnul.
  3693 | D:5      | Entered Level 5 of the Dungeon
  4179 | D:5      | Found a shimmering altar of Xom.
  4257 | D:6      | Reached XP level 7. HP: 34/57 MP: 7/7
  4549 | D:6      | Reached skill level 5 in Axes
  4752 | D:6      | Noticed a steam dragon
  4972 | D:6      | Noticed a steam dragon
  5064 | D:6      | Killed a steam dragon
  5065 | D:6      | Reached XP level 8. HP: 44/65 MP: 8/8
  6805 | D:7      | Reached XP level 9. HP: 70/75 MP: 9/9
  6828 | D:7      | Noticed a skeletal warrior
  6848 | D:7      | Noticed a deep elf pyromancer
  6848 | D:7      | Identified the +8 halberd "Xoussum" {heavy, rC+ Will-
                  | rCorr}
  6853 | D:7      | Found a staircase to the Ecumenical Temple.
  6896 | Temple   | Entered the Ecumenical Temple
  7040 | Temple   | Became a worshipper of Cheibriados the Contemplative
  7080 | D:7      | Noticed a hornet
  7186 | D:8      | Found a hide-covered altar of Uskayaw.
  7189 | D:8      | Found an iron altar of Okawaru.
  7189 | D:8      | Found an ornate altar of the Wu Jian Council.
  7557 | D:8      | Found a stormy altar of Qazlal.
  7887 | D:8      | Found a staircase to the Lair.
  9276 | D:9      | Reached * piety under Cheibriados
  9412 | D:9      | Reached skill level 10 in Fighting
  9412 | D:9      | Reached skill level 10 in Armour
  9431 | D:9      | Reached XP level 10. HP: 56/85 MP: 10/10
  9670 | D:9      | Noticed a two-headed ogre
  9682 | D:9      | Noticed a kobold demonologist
  9686 | D:9      | Killed a two-headed ogre
  9715 | D:10     | Entered Level 10 of the Dungeon
  9950 | D:10     | Noticed Erica
  9965 | D:10     | Killed Erica
 10381 | D:10     | Reached skill level 10 in Axes
 10624 | D:9      | Reached ** piety under Cheibriados
 10804 | D:9      | Killed a kobold demonologist
 11053 | D:9      | Found a glowing golden altar of the Shining One.
 11403 | D:7      | HP: 3/89 [centaur/arrow (4)]
 11408 | D:7      | HP: 4/89 [bullfrog (6)]
 11413 | D:7      | Reached XP level 11. HP: 31/95 MP: 11/11
 11415 | D:7      | Mangled by a centaur

Illustrated notes

Levels and vault maps discovered:
D:1:      sevenhm_arrival_forest_fort_large_4, layout_basic
D:2:      layout_loops_ring, uniq_jessica
D:3:      layout_basic, minmay_surrounded
D:4:      layout_basic, mainiacjoe_overflow_cross_hatched
D:5:      layout_rooms, mainiacjoe_overflow_brackets, hangedman_decor_push
D:6:      cheibrodos_steamvent, layout_loops_ring, nrook_mini_vaults,
          minmay_crystal_water
D:7:      nzn_winding_woodlands_cross [nzn_winding_woodlands_5x15_zeroes,
          nzn_winding_woodlands_5x15_longhouse,
          nzn_winding_woodlands_5x15_sawtooth,
          nzn_winding_woodlands_5x15_river_crossing,
          nzn_winding_woodlands_15x15_five_gardens], layout_rooms,
          general_overflow_altar, minmay_temple_entry_grid,
          serial_bayou_lagoon_a
D:8:      layout_basic, lemuel_doored_altar, nicolae_overflow_hidden_temple,
          erik_lair_orcish_takeover
D:9:      layout_rooms, mainiacjoe_overflow_alcove_1, david_defended_altar_orc
D:10:     layout_stronghold, grunt_temple_overflow_growth_and_decay, uniq_erica
Temple:   nicolae_temple_no_exploring_needed

Skill      XL: |  1  2  3  4  5  6  7  8  9 10 |
---------------+-------------------------------+-----
Fighting       | 4 5 6 8 10 11 | 11.7
Armour         | 4 5 6 8 10 11 | 11.7
Axes           | 3 4 5 7 9 10 | 10.5
Shields        | 4 |  4.1

Action                     |  1- 3 |  4- 6 |  7- 9 | 10-12 || total
---------------------------+-------+-------+-------+-------++-------
  Melee: War axe           |    18 |       |    59 |   128 ||   205
         Hand axe          |    71 |   216 |   292 |       ||   579
  Evoke: Wand              |       |       |       |    11 ||    11
    Use: Scroll            |       |       |     3 |       ||     3
         Potion            |       |       |       |     8 ||     8
 Armour: Scale mail        |    26 |       |       |       ||    26
         Chain mail        |    28 |   108 |   191 |    85 ||   412
  Dodge: Dodged            |    29 |    79 |   142 |    58 ||   308
  Block: Buckler           |    16 |    62 |    79 |    33 ||   190

Table legend: (Time is in decaauts)
 A = Elapsed time spent in this place.
 B = Non-inter-level travel time spent in this place.
 C = Inter-level travel time spent in this place.
 D = Time resting spent in this place.
 E = Time spent auto-exploring this place.
 F = Levels seen in this place.
 G = Mean time per level.
                   A        B        C        D        E       F      G
               +--------+--------+--------+--------+--------+-----+--------+
         Total |  13318 |  12509 |    809 |   2711 |   7984 |  11 | 1210.7 |
       Dungeon |  13162 |  12353 |    809 |   2711 |   7847 |  10 | 1316.2 |
        Temple |    155 |    155 |      0 |      0 |    137 |   1 |  155.0 |
               +--------+--------+--------+--------+--------+-----+--------+

Top non-repeatable levels by time:
     D:6: 2556 daAuts
     D:8: 2473 daAuts
     D:9: 1549 daAuts
     D:1: 1286 daAuts
     D:4: 1154 daAuts
     D:3: 1089 daAuts
     D:2: 959 daAuts
     D:5: 833 daAuts
    D:10: 800 daAuts
     D:7: 459 daAuts
  Temple: 155 daAuts
